 Dungeon Crawl Stone Soup version 0.19-a0-1254-gb9c29c0 (webtiles) character file.

152 Gorice the Cutter (level 5, 0/28 HPs)
             Began as a Kobold Enchanter on Aug 27, 2016.
             Slain by a gnoll
             ... wielding a +0 spear
              (6 damage)
             ... on level 2 of the Dungeon.
             The game lasted 00:07:20 (2567 turns).

Gorice the Cutter (Kobold Enchanter)                Turns: 2567, Time: 00:07:21

Health: 0/28       AC:  2    Str:  7    XL:     5   Next: 60%
Magic:  4/8        EV: 15    Int: 14    God:
Gold:   107        SH:  0    Dex: 16    Spells: 2 memorised, 4 levels left

rFire  . . .     SeeInvis .     a - +1 dagger
rCold  . . .     Gourm    .     b - +1 robe
rNeg   . . .     Faith    .     (shield restricted)
rPois  .         Spirit   .     (no helmet)
rElec  .         Dismiss  .     q - -2 cloak (curse)
rCorr  .         Reflect  .     (no gloves)
MR     .....     Harm     .     (no boots)
Stlth  +++.......               (no amulet)
                                (no ring)
                                (no ring)

@: no status effects
A: carnivore 3
a: no special abilities


You were on level 2 of the Dungeon.
You were completely stuffed.

You visited 1 branch of the dungeon, and saw 3 of its levels.

You collected 107 gold pieces.

Inventory:

Hand Weapons
 a - a +1 dagger (weapon)
Missiles
 o - 16 poisoned needles
 Z - 77 stones (quivered)
Armour
 b - a +1 robe (worn)
 h - a +0 ring mail
 j - a +0 cloak
 q - a cursed -2 cloak (worn)
Scrolls
 e - a scroll of fear {!r}
Potions
 g - a potion of heal wounds {!q}
 i - a potion of invisibility {!q}
 k - a potion of brilliance {!q}
 l - a potion of degeneration {unknown}
 m - a potion of flight {unknown}
 p - a potion of curing {unknown}
 r - a potion of berserk rage {unknown}
Books
 c - a book of Maledictions
Comestibles
 d - 3 meat rations {!e}
 f - 2 royal jellies


   Skills:
 * Level 5.5 Short Blades
 - Level 2.4 Dodging
 - Level 4.0 Stealth
 - Level 2.0 Spellcasting
 + Level 4.0 Hexes


You had 4 spell levels left.
You knew the following spells:

 Your Spells              Type           Power        Failure   Level  Hunger
a - Corona                Hex            ##.....      4%          1    ##.....
b - Confuse               Hex            ##......     14%         3    ####...


Dungeon Overview and Level Annotations

Branches:
Dungeon (3/15)

Altars:
Kikubaaqudgha


Innate Abilities, Weirdness & Mutations

You are small and have problems with some larger weapons.
You are carnivorous and can eat meat at any time.


Message History

Aim: a gnoll, wielding a spear (heavily wounded, chance to defeat MR: 57%)
The gnoll is outlined in light.
The gnoll hits you with a spear!
* * * LOW HITPOINT WARNING * * *
Damage: 7 (max 11)
You hit the gnoll.
The gnoll is severely wounded.
The gnoll barely misses you.
You barely miss the gnoll.
The gnoll is severely wounded.
The gnoll hits you with a spear.
* * * LOW HITPOINT WARNING * * *
Damage: 3 (max 11)
You hit the gnoll.
The gnoll is severely wounded.
The gnoll barely misses you.
Unknown command.
Casting: Corona
Confirm with . or Enter, or press ? or * to list all spells.
Aiming: Confuse
Press: ? - help, Shift-Dir - straight line, f/p - gnoll
Aim: a gnoll, wielding a spear (severely wounded, softly glowing, chance to defeat MR: 51%)
The gnoll appears confused.
You are too injured to fight recklessly!
Throwing (i - inventory):
Z - 80 stones (quivered)
Press: ? - help, Shift-Dir - straight line, f/p - gnoll
Aim: a gnoll, wielding a spear (severely wounded, softly glowing, confused)
You throw a stone.
The stone hits the gnoll but does no damage.
The gnoll is severely wounded.
The gnoll stops glowing.
Throwing (i - inventory):
Z - 79 stones (quivered)
Press: ? - help, Shift-Dir - straight line, f/p - gnoll
Aim: a gnoll, wielding a spear (severely wounded, confused)
You throw a stone.
The stone hits the gnoll but does no damage.
The gnoll is severely wounded.
Throwing (i - inventory):
Z - 78 stones (quivered)
Press: ? - help, Shift-Dir - straight line, f/p - gnoll
Aim: a gnoll, wielding a spear (severely wounded, confused)
You throw a stone.
The stone hits the gnoll but does no damage.
The gnoll is severely wounded.
Throwing (i - inventory):
Z - 77 stones (quivered)
Press: ? - help, Shift-Dir - straight line, f - you Really target yourself?
Okay, then.
You see here 2 stones.
The gnoll seems less confused.
The gnoll hits you from afar with a spear.
You die...

#......##.#.####.##...# #####
#......##.#.####>###.## #....
#.####.##.#.#..รท.....# #####.###
##.##......#.#>##.#######...#.###
......#.####......#....O........#
##......###.##.####.#####...#.#.#
#.####.##.....<.........####....
#......###.##g###.#####.# ###.#
######## #.#...@(....##.# #.#
###..#.###.##.##.# #.#
#.......##.##.##.######.#
#.##.##.##...........)..#
#.##.##.###.....#.##.##.#
#.#..##.# #.....#....##.#
#.#.###.# #.....#....##.#
#.#.###.# #.....#....##.#
#.......# #.....#.#.###.#


You could see a gnoll.

Vanquished Creatures
  An ogre (D:2)
  2 adders
  An ooze (D:1)
  A dart slug (D:1)
  A giant gecko (D:1)
  3 bats (D:2)
  A giant cockroach (D:2)
  8 goblins (D:3)
  6 hobgoblins
  4 kobolds
  A ball python (D:1)
  3 giant newts
  7 rats
39 creatures vanquished.

Notes
Turn   | Place    | Note
-------+----------+-------------------------------------------
     0 | D:1      | Gorice the Kobold Enchanter began the quest for the Orb.
     0 | D:1      | Reached XP level 1. HP: 10/10 MP: 3/3
   128 | D:1      | Reached skill level 2 in Short Blades
   345 | D:1      | Reached XP level 2. HP: 13/15 MP: 3/5
   520 | D:1      | Reached skill level 3 in Short Blades
   965 | D:1      | Reached XP level 3. HP: 11/19 MP: 4/6
  1165 | D:1      | Found an ancient bone altar of Kikubaaqudgha.
  1367 | D:1      | Learned a level 3 spell: Confuse
  1921 | D:3      | Reached skill level 4 in Short Blades
  1921 | D:3      | Reached XP level 4. HP: 20/24 MP: 0/7
  2075 | D:3      | Noticed an ogre
  2145 | D:2      | Killed an ogre
  2145 | D:2      | Reached skill level 5 in Short Blades
  2145 | D:2      | Reached skill level 4 in Hexes
  2145 | D:2      | Reached XP level 5. HP: 28/28 MP: 2/8
  2553 | D:2      | HP: 8/28 [gnoll/spear (7)]
  2567 | D:2      | Slain by a gnoll

Vault maps used:
D:1:      dpeg_arrival_water_altar
D:3:      minitemple, minmay_ogre_servants, uniq_grinder

Skill      XL: |  1  2  3  4 |
---------------+-------------+-----
Short Blades   | 2 3 4 5 |  5.5
Hexes          | 4 |  4.0
Dodging        | |  2.4
Stealth        | |  4.0
Spellcasting   | |  2.0

Action                   |  1- 3 |  4- 6 || total
-------------------------+-------+-------++-------
Melee: Dagger            |   109 |    56 ||   165
Throw: Stone             |     1 |     3 ||     4
 Cast: Corona            |    20 |     3 ||    23
       Confuse           |     1 |     5 ||     6
  Use: Scroll            |     5 |     1 ||     6
 Stab: Sleeping          |     7 |     1 ||     8
       Confused          |       |     2 ||     2
  Eat: Chunk             |    12 |     3 ||    15
Armor: Robe              |    16 |    18 ||    34
Dodge: Dodged            |    78 |    56 ||   134

Table legend:
 A = Turns spent in this place as a percentage of turns spent in the entire game.
 B = Non-inter-level travel turns spent in this place as a percentage of non-inter-level travel turns spent in the entire game.
 C = Inter-level travel turns spent in this place as a percentage of turns spent in this place.
 D = Turns resting spent in this place as a percentage of non-inter-level travel turns spent in this place.
 E = Turns spent auto-exploring this place as a percentage of non-inter-level travel turns spent in this place.
 F = Non-inter-level travel turns spent in this place divided by the number of levels of this place that you've seen.
                   A       B       C       D       E      F
               +-------+-------+-------+-------+-------+----------------------
         Total | 100.0 | 100.0 |   0.4 |   4.1 |   5.8 | 273.7
       Dungeon | 100.0 | 100.0 |   0.4 |   4.1 |   5.8 | 273.7
               +-------+-------+-------+-------+-------+----------------------

Vault maps used:
D:1:      dpeg_arrival_water_altar
D:3:      minitemple, minmay_ogre_servants, uniq_grinder
